 Dungeon Crawl Stone Soup version 0.26-a0-366-gd6aadd2 (webtiles) character file.

Game seed: 13590011475377275914

21 Arex the Skirmisher (level 2, 0/24 HPs)
             Began as a Vampire Fighter on July 19, 2020.
             Slain by an adder (3 damage)
             ... on level 2 of the Dungeon.
             The game lasted 00:00:55 (871 turns).

Arex the Skirmisher (Vampire Fighter)                Turns: 871, Time: 00:00:56

Health: 0/24       AC:  6    Str: 15    XL:     2   Next: 62%
Magic:  2/2        EV:  6    Int: 10    God:
Gold:   16         SH:  8    Dex: 13    Spells: 1/1 levels left

rFire    . . .     SeeInvis +     - Unarmed
rCold    . . .     Faith    .   b - +0 kite shield
rNeg     . . .     Spirit   .   a - +0 scale mail
rPois    .         Reflect  .   (no helmet)
rElec    .         Harm     .   (no cloak)
rCorr    .                      (no gloves)
MR       .....                  (no boots)
Stlth    ..........             (no amulet)
HPRegen  0.28/turn              j - ring of see invisible
MPRegen  0.08/turn              (no ring)

@: lethally poisoned (0 -> -7), regenerating quickly
A: fangs 3, see invisible, unbreathing
a: Exsanguinate


You were on level 2 of the Dungeon.
You visited 1 branch of the dungeon, and saw 2 of its levels.

You collected 16 gold pieces.

Inventory:

Missiles
 d - a throwing net (quivered)
Armour
 a - a +0 scale mail (worn)
 b - a +0 kite shield (worn)
Jewellery
 j - a ring of see invisible (left hand)
Scrolls
 e - a scroll of teleportation {unknown}
 g - 2 scrolls of identify {unknown}
 h - a scroll of fear {unknown}
 i - a scroll of remove curse {unknown}
 l - a scroll of random uselessness {unknown}
Potions
 c - a potion of might
 f - a potion of flight {unknown}
 k - a potion of lignification {unknown}


   Skills:
 + Level 3.0 Fighting
 + Level 2.7 Armour
 - Level 2.6 Shields
 + Level 2.7 Unarmed Combat


You had one spell level left.
You didn't know any spells.
Your spell library was empty.

Dungeon Overview and Level Annotations

Branches:
Dungeon (2/15)

Altars:


Innate Abilities, Weirdness & Mutations

Your natural rate of healing is unusually fast.
You have razor-sharp teeth.
You have supernaturally acute eyesight. (SInv)
You can survive without breathing.


Message History

You are too injured to fight recklessly!
You hit the adder.
The adder is almost dead.
You feel sick. The adder bites you.
You barely miss the adder. Your bite misses the adder.
The adder is almost dead.
You feel sick. The adder bites you.
* * * LOW HITPOINT WARNING * * *
You are lethally poisoned!
The adder poisons you! You block the adder's attack.
You miss the adder.
The adder is almost dead.
* * * LOW HITPOINT WARNING * * *
You feel sick. The adder closely misses you.
Unknown command.
You hit the adder but do no damage.
The adder is almost dead.
* * * LOW HITPOINT WARNING * * *
You feel sick. The adder bites you.
You die...

###.######### #..
.....[....... #.#
##.## #. #.#
##.#.###. #.#
#.###.##. #.#
##.#.###. #.#
##.####.
###.#########...##.
#.@........###...#.
#S#.######.##.###..
#.#.# #....# #†.
#.#.#### #.##.###..
#.#....# #.###..>.#
#.####.# #.# #####.
##. #.# #.# ##
...####.###.#
#..........#


You could see an adder.

Vanquished Creatures
  An adder (D:2)
  2 goblins (D:1)
  A hobgoblin (D:1)
  2 bats (D:1)
  5 kobolds
  2 rats (D:1)
13 creatures vanquished.

Notes
Turn   | Place    | Note
-------+----------+-------------------------------------------
     0 | D:1      | Arex the Vampire Fighter began the quest for the Orb.
     0 | D:1      | Reached XP level 1. HP: 17/17 MP: 1/1
   506 | D:1      | Reached XP level 2. HP: 19/23 MP: 2/2
   807 | D:2      | Reached skill level 3 in Fighting
   871 | D:2      | Slain by an adder

Illustrated notes

Levels and vault maps discovered:
D:1:      dpeg_arrival_tiny_f, layout_loops_corners
D:2:      layout_loops_ring, lightli_temple_of_fire, overflow_temple_1_default,
          tso_oasis_becter, nicolae_ru_the_path_less_chosen

Skill      XL: |  1  2 |
---------------+-------+-----
Fighting       | 3 |  3.0
Armour         | |  2.7
Shields        | |  2.6
Unarmed Combat | |  2.7

Action                   || total
-------------------------++-------
Melee: Unarmed           ||    75
       Bite              ||    12
 Abil: Exsanguinate      ||     1
Armor: Scale mail        ||    29
Dodge: Dodged            ||    19
Block: Kite shield       ||    25

Table legend: (Time is in decaauts)
 A = Elapsed time spent in this place.
 B = Non-inter-level travel time spent in this place.
 C = Inter-level travel time spent in this place.
 D = Time resting spent in this place.
 E = Time spent auto-exploring this place.
 F = Levels seen in this place.
 G = Mean time per level.
                   A        B        C        D        E       F      G
               +--------+--------+--------+--------+--------+-----+--------+
         Total |    872 |    867 |      5 |     41 |    680 |   2 |  436.0 |
       Dungeon |    872 |    867 |      5 |     41 |    680 |   2 |  436.0 |
               +--------+--------+--------+--------+--------+-----+--------+
